 Dungeon Sprint DCSS version 0.14-a0-736-g2a71271 (webtiles) character file.

124030 4tharraofdagon the Axe Maniac (level 16, -5/171 HPs)
             Began as a Deep Dwarf Fighter on Nov 7, 2013.
             Was the Champion of Makhleb.
             Killed from afar by a pearl dragon (71 damage)
             ... with a blast of cleansing flame
             ... in the Dungeon (Sprint V: "Ziggurat Sprint").
             The game lasted 00:17:03 (791 turns).

4tharraofdagon the Axe Maniac (Deep Dwarf Fighter)   Turns: 791, Time: 00:17:03

HP  -5/171       AC 41     Str 43      XL: 16   Next: 38%
MP  37/37        EV 16     Int 15      God: Makhleb [******]
Gold 0           SH 44     Dex 24      Spells:  0 memorised, 15 levels left

Res.Fire  : + . .   See Invis. : +   z - +12,+15 obsidian axe {chop, +Fly Str+3 SInv Curse}
Res.Cold  : + . .   Warding    : +   l - +5 gold dragon armour
Life Prot.: + + +   Conserve   : .   A - +6 shield of the gong {rElec rN+ MR+}
Res.Poison: +       Res.Corr.  : .   S - +2 helmet {Int+3}
Res.Elec. : +       Clarity    : .   K - +2 cloak of the Evening Star {Dex+3 Int+3}
Sust.Abil.: . .     Spirit.Shd : .   (no gloves)
Res.Mut.  : .       Prev.Telep.: +   (no boots)
Res.Rott. : .       Flight     : .   I - brooch of Shielding {Ward AC+4 EV+4}
Saprovore : . . .                    M - ring "Koem" {Regen Str+4 Dex+4}
                                     x - +6 ring of strength

@: mesmerised, non-regenerating, mighty, agile, very slightly contaminated,
hasted, glowing, very quick, extremely resistant to hostile enchantments,
extremely unstealthy
A: damage resistance, recharge devices, deterioration 1, life protection 1,
sense surroundings 2, slow healing 3, Int -2
a: Device Recharging, Minor Destruction, Lesser Servant of Makhleb, Major
Destruction, Greater Servant of Makhleb, Renounce Religion, Evoke Flight


You were in the Dungeon.
You worshipped Makhleb.
Makhleb was exalted by your worship.
You were full.

You visited 1 branch

Inventory:

Hand weapons
 a - a +0,+0 dwarven hand axe
 z - the cursed +12,+15 obsidian axe (weapon) {chop, +Fly Str+3 SInv Curse}
   (You found it in the Dungeon)

   It inflicts extra damage upon your enemies.
   It affects your strength (+3).
   It enhances your eyesight.
   It lets you fly.
   It may recurse itself.
   It has a curse placed upon it.
Armour
 b - a +0 dwarven scale mail
 c - a +0 dwarven shield
 l - a +5 gold dragon armour (worn)
 A - the +6 shield of the gong (worn) {rElec rN+ MR+}
   (You found it in the Dungeon)

   It insulates you from electricity.
   It protects you from negative energy.
   It affects your resistance to hostile enchantments.
 C - a +1 cloak of darkness
 K - the +2 cloak of the Evening Star (worn) {Dex+3 Int+3}
   (You found it in the Dungeon)

   It affects your intelligence (+3).
   It affects your dexterity (+3).
 L - a +0 cap of intelligence
 N - the +9 crystal plate armour of Twilight {rPois}
   (You found it in the Dungeon)

   It protects you from poison.
 S - a +2 helmet of intelligence (worn)
Magical devices
 d - a wand of heal wounds (9)
 t - a wand of disintegration (7)
 u - a wand of fire (5)
 v - a wand of cold (5)
 w - a wand of draining (5)
Comestibles
 f - 4 bread rations
 B - 4 meat rations
Scrolls
 E - a scroll of fog
Jewellery
 x - a +6 ring of strength (left hand)
 y - a +6 ring of strength
 G - the ring of Etev {Hunger +Rage Int+5 Acc+4}
   (You took it off a grey draconian in the Dungeon)

   [ring of intelligence]

   It affects your intelligence (+5).
   It affects your accuracy (+4).
   It lets you go berserk.
   It speeds your metabolism.
 I - the brooch of Shielding (around neck) {Ward AC+4 EV+4}
   (You found it in the Dungeon)

   [amulet of warding]

   It affects your AC (+4).
   It affects your evasion (+4).
 M - the ring "Koem" (right hand) {Regen Str+4 Dex+4}
   (You found it in the Dungeon)

   [ring of regeneration]

   It affects your strength (+4).
   It affects your dexterity (+4).
 Q - an uncursed amulet of resist corrosion
 T - the ring of the Visionary {rF+ Acc+3 SInv}
   (You found it in the Dungeon)

   [ring of protection from fire]

   It affects your accuracy (+3).
   It enhances your eyesight.
Potions
 e - 8 potions of curing
 g - 7 potions of heal wounds
 h - 6 potions of speed
 i - 6 potions of magic
 j - a potion of berserk rage
 m - 2 potions of brilliance
 n - 2 potions of invisibility
 o - a potion of restore abilities
 p - 4 potions of resistance
 r - 3 potions of agility
 s - 2 potions of might
Miscellaneous
 k - a phial of floods
 q - a fan of gales
 D - a phial of floods
 F - a fan of gales
 H - a phial of floods
 J - a fan of gales
 O - a lamp of fire
 P - a sack of spiders
 R - a lamp of fire


   Skills:
 * Level 21.2 Fighting
 O Level 27 Axes
 + Level 22.7 Armour
 + Level 19.2 Shields
 + Level 25.7 Invocations


You had 15 spell levels left.
You didn't know any spells.

Dungeon Overview and Level Annotations

Branches:
Dungeon (1/1)

Altars:
Ashenzari
Cheibriados
Elyvilon
Fedhas
Kikubaaqudgha
Makhleb
Nemelex Xobeh
Okawaru
Sif Muna
Trog
Vehumet
Xom
Yredelemnul
Zin
the Shining One
Beogh
Jiyva
Lugonu


Innate Abilities, Weirdness & Mutations

You are resistant to damage.
You can recharge devices by infusing magical energy.
You resist negative energy.
You passively map the area around you.
You do not heal naturally.
Your body is slowly deteriorating.
You are dopey. (Int -2)


Message History

The pearl dragon breathes holy energy at you.
The blast of cleansing flame hits the ophan.
The ophan appears unharmed.
The blast of cleansing flame hits the pearl dragon.
The pearl dragon appears unharmed.
The blast of cleansing flame misses the angel.
Unknown command.
Unknown command.
You hit the phoenix.
The phoenix is almost dead.
You slash the angel!
The angel is moderately wounded.
You hit the phoenix.
The phoenix is lightly wounded.
Visions of slaying the phoenix flood into your mind.
You are engulfed in blessed fire.
The pearl dragon breathes holy energy at you.
The blast of cleansing flame hits the angel.
The angel appears unharmed.
The blast of cleansing flame hits you!
You die...

#################*..###.
....8©8.. #...#..
,.:?..[":|)) #...... *
..:):[=[|":)|, #......
...}G.AAbDYA=:. #######
....AAYGG.AG..., #......
....YAADDbA...., #..=)).
#...G..§A§GY..... #..::=:
#....GAb@bbG..... #......
#......§§§....... #......
#......§§§....... #......
#......§§§.......,#......
#......§§§....... #......
#................,#......
#...#.........#..,#......
..###.......## #...#..
...#.........#... ..###.


You could see 6 daevas, 3 apis, 2 pearl dragons, 4 phoenixes, 2 angels, 6
ophanim and a cherub.

Vanquished Creatures
  A golden dragon (D)
  An electric golem (D)
  A bone dragon (D)
  2 tentacled monstrosities (D)
  5 Orb Guardians (D)
  A Shadow Fiend (D)
  6 shadow dragons (D)
  2 azure jellies (D)
  4 ghouls (D)
  A fire giant (D)
  An angel (D)
  3 stone giants (D)
  3 green draconians (D)
  2 grey draconians (D)
  4 white draconians (D)
  7 red draconians (D)
  A phoenix (D)
  3 black draconians (D)
  5 mottled draconians (D)
  8 purple draconians (D)
  2 death oozes (D)
  3 pale draconians (D)
  4 merfolk javelineers (D)
  A merfolk impaler (D)
  6 yellow draconians (D)
  A yaktaur captain (D)
  7 vault guards (D)
  A dragon (D)
  An ice dragon (D)
  3 merfolk aquamancers (D)
  11 soul eaters (D)
  2 catoblepae (D)
  A harpy (D)
  A hill giant (D)
  A sea snake (D)
  2 giant amoebae (D)
  A phantasmal warrior (D)
  4 cyclopes (D)
  An elephant (D)
  A shining eye (D)
  A sixfirhy (D)
  A moth of wrath (D)
  2 spiny frogs (D)
  An eye of devastation (D)
  A pale draconian zombie (D)
  A smoke demon (D)
  A yellow draconian zombie (D)
  A fire drake (D)
  An iron devil (D)
  A komodo dragon (D)
  3 brown oozes (D)
  A hellwing (D)
  A blue devil (D)
  A jumping spider (D)
  2 trolls (D)
  3 two-headed ogres (D)
  6 draconians (D)
  3 snapping turtles (D)
  A boulder beetle (D)
  A shadow (D)
  A wraith (D)
  A yak (D)
  2 elephant slugs (D)
  A tarantella (D)
  13 merfolk (D)
  3 hippogriffs (D)
  2 necrophages (D)
  2 phantoms (D)
  3 ogres (D)
  2 rotting devils (D)
  A crocodile (D)
  A centaur (D)
  A giant slug (D)
  2 agate snails (D)
  A crimson imp (D)
  3 wights (D)
  An iron imp (D)
  2 jellies (D)
  2 quasits (D)
  2 adders (D)
  A worm zombie (D)
  5 giant centipedes (D)
  A giant mite (D)
  2 white imps (D)
  A spectral adder (D)
  4 adder skeletons (D)
  2 oozes (D)
  A bat (D)
  2 bat zombies (D)
  2 giant cockroach zombies (D)
  A giant newt skeleton (D)
  2 goblin skeletons (D)
  5 goblin zombies (D)
  4 hobgoblin skeletons (D)
  2 hobgoblin zombies (D)
  A jackal skeleton (D)
  2 kobold zombies (D)
  A quokka zombie (D)
  2 rat skeletons (D)
  3 rat zombies (D)
  A spectral giant cockroach (D)
  A spectral jackal (D)
  A spectral quokka (D)
241 creatures vanquished.

Vanquished Creatures (collateral kills)
  A merfolk javelineer (D)
  A mottled draconian (D)
  A dire elephant (D)
  A dragon (D)
  A merfolk impaler (D)
  A vault guard (D)
  2 hydras (D)
  A cyclops (D)
  2 shining eyes (D)
  A sixfirhy (D)
  An eye of devastation (D)
  A black mamba (D)
  A spiny frog (D)
  A golden eye (D)
  A phantom (D)
  A rotting devil (D)
  A sheep (D)
  A green rat (D)
  A shadow imp (D)
  An ooze (D)
  A rat skeleton (D)
23 creatures vanquished.

Vanquished Creatures (others)
  A draconian zealot (D)
  A sixfirhy (D)
  An orange demon (D)
  A smoke demon (D)
  2 iron devils (D)
  3 blue devils (D)
  A hellwing (D)
  A red devil (D)
  A neqoxec (D)
  A rotting devil (D)
  A giant slug (D)
  3 spiders (D)
  A giant mite (D)
18 creatures vanquished.

Grand Total: 282 creatures vanquished

Notes
Turn   | Place    | Note
--------------------------------------------------------------
     0 | D        | 4tharraofdagon, the Deep Dwarf Fighter, began the quest for the Orb.
     0 | D        | Reached XP level 1. HP: 21/21 MP: 0/0
     0 | D        | Found an ancient bone altar of Kikubaaqudgha.
     2 | D        | Found an iron altar of Okawaru.
     2 | D        | Found a basalt altar of Yredelemnul.
    25 | D        | Found a radiant altar of Vehumet.
    26 | D        | Found a shimmering altar of Xom.
    28 | D        | Found a burning altar of Makhleb.
    29 | D        | Found a white marble altar of Elyvilon.
    31 | D        | Found a deep blue altar of Sif Muna.
    31 | D        | Found a sparkling altar of Nemelex Xobeh.
    33 | D        | Found a bloodstained altar of Trog.
    72 | D        | Became a worshipper of Makhleb the Destroyer
    75 | D        | Entered arena 1.
    82 | D        | Entered arena 2.
    85 | D        | Acquired Makhleb's first power
    85 | D        | Reached XP level 2. HP: 28/28 MP: 1/1
    86 | D        | Reached skill level 4 in Axes
    89 | D        | Acquired Makhleb's second power
    95 | D        | Entered arena 3.
    95 | D        | Noticed a phantom
    95 | D        | Noticed a phantom
    97 | D        | Reached XP level 3. HP: 36/36 MP: 2/2
   100 | D        | Killed a phantom
   100 | D        | Acquired Makhleb's third power
   100 | D        | Reached skill level 6 in Axes
   100 | D        | Reached skill level 5 in Armour
   100 | D        | Reached skill level 5 in Shields
   100 | D        | Reached XP level 4. HP: 44/44 MP: 2/5
   104 | D        | Killed a phantom
   104 | D        | Reached skill level 7 in Axes
   104 | D        | Reached XP level 5. HP: 50/50 MP: 2/7
   106 | D        | Got the +2 cloak of the Evening Star {Dex+3 Int+3}
   109 | D        | Entered arena 4.
   109 | D        | Noticed a quasit
   109 | D        | Noticed a quasit
   112 | D        | Killed a quasit
   112 | D        | Acquired Makhleb's fourth power
   112 | D        | Reached skill level 5 in Fighting
   113 | D        | Killed a quasit
   113 | D        | Reached skill level 8 in Axes
   113 | D        | Reached skill level 5 in Invocations
   119 | D        | Entered arena 5.
   119 | D        | Noticed a tarantella
   119 | D        | Noticed a jumping spider
   121 | D        | Killed a tarantella
   121 | D        | Reached skill level 9 in Axes
   121 | D        | Reached XP level 6. HP: 60/60 MP: 4/11
   123 | D        | Acquired Makhleb's fifth power
   126 | D        | Killed a jumping spider
   126 | D        | Reached skill level 10 in Axes
   126 | D        | Reached XP level 7. HP: 67/67 MP: 4/14
   135 | D        | Entered arena 6.
   135 | D        | Noticed a phantom
   135 | D        | Noticed a necrophage
   135 | D        | Noticed a wight
   139 | D        | Killed a necrophage
   141 | D        | Killed a wight
   148 | D        | Killed a phantom
   148 | D        | Reached skill level 11 in Axes
   153 | D        | Got the ring "Koem" {Regen Str+4 Dex+4}
   157 | D        | Got the +9 crystal plate armour of Twilight {rPois}
   161 | D        | Entered arena 7.
   161 | D        | Noticed a wight
   161 | D        | Noticed a wight
   164 | D        | Killed a wight
   167 | D        | Killed a wight
   174 | D        | Entered arena 8.
   174 | D        | Noticed a blue devil
   174 | D        | Noticed an iron devil
   174 | D        | Noticed a sixfirhy
   174 | D        | Noticed a smoke demon
   174 | D        | Noticed an iron imp
   174 | D        | Noticed a crimson imp
   178 | D        | Killed a smoke demon
   178 | D        | Reached XP level 8. HP: 76/76 MP: 13/18
   180 | D        | Killed a sixfirhy
   180 | D        | Reached skill level 12 in Axes
   182 | D        | Killed an iron imp
   183 | D        | Killed a blue devil
   183 | D        | Reached skill level 10 in Invocations
   183 | D        | Killed an iron devil
   183 | D        | Reached skill level 13 in Axes
   183 | D        | Gained mutation: You passively map the area around you. [level up]
   183 | D        | Reached XP level 9. HP: 85/85 MP: 15/21
   183 | D        | Killed a crimson imp
   191 | D        | Entered arena 9.
   191 | D        | Noticed a merfolk
   191 | D        | Noticed a merfolk
   191 | D        | Noticed a cyclops
   191 | D        | Noticed a merfolk
   191 | D        | Noticed a centaur
   191 | D        | Noticed a cyclops
   191 | D        | Noticed a merfolk
   191 | D        | Noticed a merfolk
   194 | D        | Killed a merfolk
   197 | D        | Killed a centaur
   197 | D        | Reached skill level 10 in Armour
   197 | D        | Killed a merfolk
   197 | D        | Reached skill level 10 in Shields
   198 | D        | Killed a merfolk
   198 | D        | Killed a merfolk
   199 | D        | Killed a cyclops
   199 | D        | Reached skill level 14 in Axes
   202 | D        | Killed a merfolk
   206 | D        | Killed a cyclops
   222 | D        | Entered arena 10.
   222 | D        | Noticed a draconian
   222 | D        | Noticed a red draconian
   222 | D        | Noticed a red draconian
   222 | D        | Noticed a purple draconian
   222 | D        | Noticed a draconian
   222 | D        | Noticed a draconian
   222 | D        | Noticed a draconian
   222 | D        | Noticed a draconian
   222 | D        | Noticed a draconian
   228 | D        | Killed a draconian
   229 | D        | Killed a draconian
   229 | D        | Reached XP level 10. HP: 69/94 MP: 23/23
   231 | D        | Killed a red draconian
   231 | D        | Reached skill level 15 in Axes
   232 | D        | Killed a draconian
   232 | D        | Killed a draconian
   234 | D        | Killed a draconian
   235 | D        | Killed a draconian
   235 | D        | Reached skill level 10 in Fighting
   239 | D        | Killed a red draconian
   239 | D        | Reached skill level 16 in Axes
   240 | D        | Killed a purple draconian
   240 | D        | Reached XP level 11. HP: 104/104 MP: 24/26
   249 | D        | Entered arena 11.
   249 | D        | Noticed an Orb Guardian
   249 | D        | Noticed a green draconian
   249 | D        | Noticed a yellow draconian
   249 | D        | Noticed a black draconian
   249 | D        | Noticed a white draconian
   249 | D        | Noticed a dragon
   249 | D        | Noticed a purple draconian
   249 | D        | Noticed a purple draconian
   250 | D        | Noticed a mottled draconian
   250 | D        | Noticed an electric golem
   268 | D        | Killed an Orb Guardian
   268 | D        | Reached skill level 17 in Axes
   269 | D        | Killed a mottled draconian
   270 | D        | Killed a green draconian
   273 | D        | Killed a dragon
   275 | D        | Killed a black draconian
   275 | D        | Reached skill level 18 in Axes
   275 | D        | Reached skill level 15 in Invocations
   275 | D        | Killed a white draconian
   276 | D        | Killed a purple draconian
   280 | D        | Killed a purple draconian
   280 | D        | Reached XP level 12. HP: 76/116 MP: 29/29
   293 | D        | Killed an electric golem
   293 | D        | Reached skill level 19 in Axes
   308 | D        | Entered arena 12.
   308 | D        | Noticed a white draconian
   308 | D        | Noticed a mottled draconian
   308 | D        | Noticed a pale draconian
   308 | D        | Noticed a white draconian
   308 | D        | Noticed a yellow draconian
   308 | D        | Noticed a golden dragon
   308 | D        | Noticed a mottled draconian
   308 | D        | Noticed a red draconian
   310 | D        | Noticed a red draconian
   310 | D        | Noticed a purple draconian
   310 | D        | Noticed a purple draconian
   317 | D        | Killed a yellow draconian
   318 | D        | Killed a red draconian
   320 | D        | Killed a white draconian
   320 | D        | Killed a red draconian
   320 | D        | Killed a pale draconian
   324 | D        | Killed a purple draconian
   324 | D        | Reached skill level 20 in Axes
   325 | D        | Killed a purple draconian
   325 | D        | Reached skill level 15 in Armour
   325 | D        | Reached skill level 15 in Shields
   325 | D        | Identified a +4 rod of fiery destruction (7/12)
   326 | D        | Killed a mottled draconian
   326 | D        | Killed a white draconian
   328 | D        | Killed a mottled draconian
   328 | D        | Reached XP level 13. HP: 126/126 MP: 31/31
   335 | D        | Killed a golden dragon
   352 | D        | Entered arena 13.
   352 | D        | Noticed a hippogriff
   352 | D        | Noticed a snapping turtle
   352 | D        | Noticed a merfolk javelineer
   352 | D        | Noticed a merfolk javelineer
   352 | D        | Noticed a harpy
   352 | D        | Noticed a snapping turtle
   352 | D        | Noticed a merfolk
   352 | D        | Noticed a merfolk
   352 | D        | Noticed a hippogriff
   352 | D        | Noticed a merfolk
   352 | D        | Noticed a merfolk
   352 | D        | Noticed a hippogriff
   353 | D        | Noticed a sea snake
   353 | D        | Noticed a snapping turtle
   353 | D        | Noticed a merfolk aquamancer
   354 | D        | Noticed a merfolk aquamancer
   355 | D        | Noticed a merfolk impaler
   355 | D        | Noticed a merfolk
   355 | D        | Killed a harpy
   355 | D        | Reached skill level 21 in Axes
   356 | D        | Noticed a merfolk aquamancer
   356 | D        | Killed a hippogriff
   356 | D        | Killed a hippogriff
   356 | D        | Identified a +8 rod of demonology (8/11)
   357 | D        | Noticed a merfolk impaler
   357 | D        | Noticed a merfolk javelineer
   357 | D        | Noticed a merfolk
   357 | D        | Noticed a merfolk
   357 | D        | Noticed a merfolk javelineer
   358 | D        | Noticed a merfolk
   358 | D        | Noticed a merfolk javelineer
   361 | D        | Killed a snapping turtle
   361 | D        | Killed a hippogriff
   363 | D        | Killed a merfolk
   364 | D        | Killed a merfolk
   364 | D        | Killed a sea snake
   367 | D        | Killed a merfolk aquamancer
   369 | D        | Killed a merfolk aquamancer
   370 | D        | Killed a snapping turtle
   371 | D        | Killed a merfolk javelineer
   372 | D        | Killed a snapping turtle
   372 | D        | Killed a merfolk javelineer
   374 | D        | Killed a merfolk javelineer
   374 | D        | Killed a merfolk
   376 | D        | Killed a merfolk aquamancer
   377 | D        | Killed a merfolk
   377 | D        | Killed a merfolk
   380 | D        | Killed a merfolk javelineer
   382 | D        | Killed a merfolk javelineer
   383 | D        | Killed a merfolk
   383 | D        | Reached skill level 22 in Axes
   386 | D        | Killed a merfolk impaler
   393 | D        | Killed a merfolk impaler
   397 | D        | Killed a merfolk
   413 | D        | Entered arena 14.
   413 | D        | Noticed an ogre
   413 | D        | Noticed an ogre
   413 | D        | Noticed a troll
   414 | D        | Noticed an ogre
   414 | D        | Noticed a two-headed ogre
   414 | D        | Noticed a two-headed ogre
   414 | D        | Noticed a two-headed ogre
   414 | D        | Noticed a cyclops
   414 | D        | Noticed a troll
   414 | D        | Noticed a hill giant
   414 | D        | Noticed a fire giant
   415 | D        | Noticed a cyclops
   415 | D        | Noticed a cyclops
   417 | D        | Killed a two-headed ogre
   420 | D        | Killed a two-headed ogre
   420 | D        | Killed an ogre
   420 | D        | Killed a hill giant
   420 | D        | Killed an ogre
   420 | D        | Killed an ogre
   422 | D        | Killed a cyclops
   423 | D        | Killed a two-headed ogre
   423 | D        | Killed a troll
   424 | D        | Killed a fire giant
   424 | D        | Killed a troll
   425 | D        | Killed a cyclops
   426 | D        | Killed a cyclops
   437 | D        | Entered arena 15.
   437 | D        | Noticed a stone giant
   437 | D        | Noticed a vault guard
   437 | D        | Noticed a vault guard
   438 | D        | Noticed a shadow dragon
   438 | D        | Noticed a stone giant
   438 | D        | Noticed a vault guard
   438 | D        | Noticed a vault guard
   438 | D        | Noticed a stone giant
   438 | D        | Noticed a vault guard
   438 | D        | Noticed a vault guard
   438 | D        | Noticed a vault guard
   438 | D        | Noticed a vault guard
   439 | D        | Noticed a yaktaur captain
   439 | D        | Noticed a shadow dragon
   444 | D        | Killed a vault guard
   446 | D        | Killed a vault guard
   446 | D        | Gained mutation: You resist negative energy. [level up]
   446 | D        | Reached XP level 14. HP: 133/138 MP: 33/33
   447 | D        | Killed a stone giant
   449 | D        | Killed a vault guard
   449 | D        | Reached skill level 23 in Axes
   451 | D        | Killed a stone giant
   451 | D        | Reached skill level 15 in Fighting
   453 | D        | Killed a vault guard
   454 | D        | Killed a shadow dragon
   455 | D        | Killed a vault guard
   456 | D        | Killed a stone giant
   456 | D        | Killed a yaktaur captain
   456 | D        | Killed a vault guard
   456 | D        | Killed a vault guard
   465 | D        | Killed a vault guard
   470 | D        | Killed a shadow dragon
   470 | D        | Reached skill level 24 in Axes
   482 | D        | Entered arena 16.
   484 | D        | Noticed a yellow draconian
   484 | D        | Noticed a red draconian zealot
   484 | D        | Noticed a purple draconian
   485 | D        | Noticed a dragon
   485 | D        | Noticed a yellow draconian
   485 | D        | Noticed a red draconian
   485 | D        | Noticed a yellow draconian
   485 | D        | Noticed a green draconian
   485 | D        | Noticed a pale draconian
   485 | D        | Noticed a pale draconian
   486 | D        | Noticed a mottled draconian
   486 | D        | Noticed a red draconian
   486 | D        | Noticed a black draconian
   486 | D        | Noticed an Orb Guardian
   486 | D        | Noticed an ice dragon
   494 | D        | Killed a yellow draconian
   495 | D        | Killed a pale draconian
   496 | D        | Killed a dragon
   497 | D        | Killed a yellow draconian
   498 | D        | Killed a yellow draconian
   498 | D        | Killed a pale draconian
   499 | D        | Killed an Orb Guardian
   501 | D        | Killed a red draconian
   501 | D        | Killed a black draconian
   502 | D        | Killed an ice dragon
   503 | D        | Killed a red draconian zealot
   503 | D        | Reached skill level 25 in Axes
   504 | D        | Killed a mottled draconian
   506 | D        | Killed a green draconian
   514 | D        | Killed a red draconian
   514 | D        | Killed a yellow draconian
   514 | D        | Killed a purple draconian
   532 | D        | Entered arena 17.
   534 | D        | Noticed a green draconian
   534 | D        | Noticed a red draconian
   534 | D        | Noticed a bone dragon
   535 | D        | Noticed an Orb Guardian
   535 | D        | Noticed a tentacled monstrosity
   535 | D        | Noticed a grey draconian
   535 | D        | Noticed a tentacled monstrosity
   535 | D        | Noticed an Orb Guardian
   535 | D        | Noticed a purple draconian
   535 | D        | Noticed an Orb Guardian
   535 | D        | Noticed a yellow draconian
   535 | D        | Noticed a purple draconian
   535 | D        | Noticed a mottled draconian
   536 | D        | Noticed a mottled draconian
   536 | D        | Noticed a grey draconian
   536 | D        | Noticed a white draconian
   536 | D        | Noticed a black draconian
   536 | D        | Noticed a moth of wrath
   542 | D        | Killed an Orb Guardian
   542 | D        | Reached XP level 15. HP: 151/151 MP: 35/35
   543 | D        | Killed an Orb Guardian
   544 | D        | Killed a tentacled monstrosity
   545 | D        | Killed a green draconian
   545 | D        | Reached skill level 26 in Axes
   547 | D        | Killed an Orb Guardian
   548 | D        | Killed a mottled draconian
   548 | D        | Killed a purple draconian
   550 | D        | Killed a purple draconian
   552 | D        | Killed a white draconian
   554 | D        | Killed a red draconian
   555 | D        | Killed a tentacled monstrosity
   559 | D        | Killed a mottled draconian
   559 | D        | Killed a grey draconian
   559 | D        | Killed a yellow draconian
   560 | D        | Killed a bone dragon
   560 | D        | Reached skill level 27 in Axes
   560 | D        | Killed a black draconian
   560 | D        | Killed a moth of wrath
   561 | D        | Killed a grey draconian
   577 | D        | Got the ring of Etev {Hunger +Rage Int+5 Acc+4}
   587 | D        | Entered arena 18.
   592 | D        | Noticed an eye of devastation
   592 | D        | Noticed a shining eye
   595 | D        | Killed a merfolk
   596 | D        | Noticed a brown ooze
   596 | D        | Noticed an azure jelly
   596 | D        | Noticed an azure jelly
   596 | D        | Noticed a death ooze
   596 | D        | Noticed a giant amoeba
   596 | D        | Noticed a shining eye
   596 | D        | Noticed an eye of devastation
   596 | D        | Gained mutation: You are dopey. (Int -2) [a shining eye]
   597 | D        | Noticed a death ooze
   597 | D        | Noticed a jelly
   598 | D        | Noticed a jelly
   598 | D        | Noticed a shining eye
   598 | D        | Gained mutation: Your body is slowly deteriorating. [a shining eye]
   599 | D        | Noticed a brown ooze
   600 | D        | Noticed a giant amoeba
   602 | D        | Killed a death ooze
   603 | D        | Killed a giant amoeba
   604 | D        | Killed a jelly
   606 | D        | Noticed a brown ooze
   606 | D        | Noticed a golden eye
   606 | D        | Killed a jelly
   608 | D        | Killed a death ooze
   608 | D        | Killed a shining eye
   612 | D        | Killed an azure jelly
   612 | D        | Killed an azure jelly
   613 | D        | Killed a shining eye
   614 | D        | Killed a shining eye
   615 | D        | Killed a brown ooze
   616 | D        | Killed an eye of devastation
   617 | D        | Killed a brown ooze
   618 | D        | Killed a brown ooze
   619 | D        | Killed a giant amoeba
   620 | D        | Killed a golden eye
   622 | D        | Killed an eye of devastation
   630 | D        | Entered arena 19.
   638 | D        | Noticed a soul eater
   639 | D        | Noticed a soul eater
   639 | D        | Noticed a soul eater
   639 | D        | Noticed a shadow dragon
   640 | D        | Noticed a soul eater
   640 | D        | Noticed a soul eater
   640 | D        | Noticed a shadow dragon
   646 | D        | Killed a soul eater
   649 | D        | Killed a soul eater
   650 | D        | Killed a soul eater
   652 | D        | Killed a soul eater
   656 | D        | Killed a shadow dragon
   660 | D        | Killed a shadow dragon
   661 | D        | Killed a soul eater
   672 | D        | Entered arena 20.
   675 | D        | Noticed a dire elephant
   675 | D        | Noticed an elephant slug
   675 | D        | Noticed a catoblepas
   676 | D        | Noticed an elephant
   676 | D        | Noticed a spiny frog
   676 | D        | Noticed a black mamba
   676 | D        | Noticed a four-headed hydra
   676 | D        | Noticed a komodo dragon
   676 | D        | Noticed a giant slug
   677 | D        | Noticed a boulder beetle
   677 | D        | Noticed a yak
   677 | D        | Noticed a crocodile
   677 | D        | Noticed an agate snail
   677 | D        | Noticed a giant slug
   677 | D        | Noticed an agate snail
   677 | D        | Noticed an elephant slug
   678 | D        | Noticed a fire drake
   678 | D        | Noticed a spiny frog
   678 | D        | Noticed a spiny frog
   678 | D        | Noticed a catoblepas
   681 | D        | Killed a spiny frog
   683 | D        | Noticed a five-headed hydra
   691 | D        | Killed a spiny frog
   691 | D        | Killed a fire drake
   692 | D        | Killed a komodo dragon
   693 | D        | Killed a crocodile
   697 | D        | Killed a five-headed hydra
   699 | D        | Killed a five-headed hydra
   701 | D        | Killed a giant slug
   702 | D        | Killed a black mamba
   702 | D        | Killed a spiny frog
   704 | D        | Killed a catoblepas
   704 | D        | Reached XP level 16. HP: 168/168 MP: 37/37
   704 | D        | Killed a yak
   705 | D        | Killed a catoblepas
   705 | D        | Killed a boulder beetle
   706 | D        | Killed a dire elephant
   707 | D        | Killed an elephant
   707 | D        | Killed an elephant slug
   707 | D        | Killed a giant slug
   707 | D        | Killed an agate snail
   708 | D        | Killed an agate snail
   711 | D        | Killed an elephant slug
   722 | D        | Entered arena 21.
   725 | D        | Noticed a ghoul
   725 | D        | Noticed a soul eater
   725 | D        | Noticed a shadow dragon
   726 | D        | Noticed a soul eater
   726 | D        | Noticed a soul eater
   726 | D        | Noticed a soul eater
   726 | D        | Noticed a rotting devil
   726 | D        | Noticed a phantasmal warrior
   726 | D        | Noticed a ghoul
   726 | D        | Noticed a soul eater
   727 | D        | Noticed a shadow
   727 | D        | Noticed a Shadow Fiend
   727 | D        | Noticed a shadow dragon
   727 | D        | Noticed a necrophage
   727 | D        | Noticed a wraith
   728 | D        | Noticed a soul eater
   728 | D        | Noticed a ghoul
   728 | D        | Noticed a ghoul
   734 | D        | Killed a shadow dragon
   734 | D        | Killed a Shadow Fiend
   735 | D        | Killed a soul eater
   736 | D        | Killed a soul eater
   737 | D        | Killed a soul eater
   738 | D        | Killed a soul eater
   739 | D        | Killed a wraith
   739 | D        | Killed a shadow
   741 | D        | Killed a ghoul
   742 | D        | Killed a soul eater
   742 | D        | Killed a necrophage
   744 | D        | Killed a phantasmal warrior
   744 | D        | Killed a rotting devil
   749 | D        | Killed a soul eater
   750 | D        | Killed a shadow dragon
   751 | D        | Killed a ghoul
   751 | D        | Killed a ghoul
   752 | D        | Killed a ghoul
   766 | D        | Got the ring of the Visionary {rF+ Acc+3 SInv}
   772 | D        | Entered arena 22.
   780 | D        | Noticed a daeva
   780 | D        | Noticed an angel
   780 | D        | Noticed a phoenix
   781 | D        | Noticed a pearl dragon
   781 | D        | Noticed a phoenix
   781 | D        | Noticed a cherub
   781 | D        | Noticed a daeva
   781 | D        | Noticed a daeva
   781 | D        | Noticed an ophan
   781 | D        | Noticed an angel
   781 | D        | Noticed an ophan
   781 | D        | Noticed an ophan
   782 | D        | Noticed a phoenix
   782 | D        | Noticed an ophan
   782 | D        | Noticed an apis
   782 | D        | Noticed an ophan
   782 | D        | Noticed a phoenix
   782 | D        | Noticed an ophan
   782 | D        | Noticed an apis
   782 | D        | Noticed an ophan
   782 | D        | Noticed an apis
   782 | D        | Noticed a daeva
   782 | D        | Noticed a cherub
   782 | D        | Noticed a pearl dragon
   782 | D        | Noticed a pearl dragon
   782 | D        | Noticed a daeva
   783 | D        | Noticed an apis
   783 | D        | Noticed a phoenix
   783 | D        | Noticed an angel
   783 | D        | Noticed an ophan
   783 | D        | Noticed an angel
   783 | D        | Noticed a daeva
   784 | D        | omfg
   786 | D        | Killed an angel
   789 | D        | Noticed a phoenix
   790 | D        | Killed a phoenix
   791 | D        | Killed from afar by a pearl dragon

Action                   |  1- 3 |  4- 6 |  7- 9 | 10-12 | 13-15 | 16-18 || total
-------------------------+-------+-------+-------+-------+-------+-------++-------
Melee: Broad axe         |     7 |     9 |    35 |    54 |   171 |    37 ||   313
 Abil: Evoke Flight      |       |       |       |       |     1 |       ||     1
Evoke: Wand              |       |       |       |     4 |       |       ||     4
       Miscellaneous     |       |       |       |       |     3 |       ||     3
  Use: Potion            |       |       |       |     7 |     2 |     4 ||    13
       Scroll            |       |       |       |     2 |       |       ||     2
 Stab: Distracted        |       |       |       |     1 |     5 |     3 ||     9
       Held in net/web   |       |       |       |       |     2 |       ||     2
       Petrifying        |       |       |       |       |     2 |       ||     2
